 Dungeon Crawl Stone Soup version 0.26-a0-651-gb41185065b (webtiles) character file.

Game seed: 9041103959380962339

24 Mesmaeker13 the Chucker (level 2, 24/26 HPs)
             Began as a Deep Dwarf Hunter on Oct 9, 2020.
             Got out of the dungeon alive.
             The game lasted 00:01:28 (450 turns).

Mesmaeker13 the Chucker (Deep Dwarf Hunter)          Turns: 450, Time: 00:01:28

Health: 24/26      AC:  7    Str: 15    XL:     2   Next: 79%
Magic:  2/2        EV: 12    Int: 11    God:
Gold:   0          SH:  0    Dex: 13    Spells: 1/1 levels left

rFire    . . .     SeeInvis .   a - +0 short sword
rCold    . . .     Faith    .   (no shield)
rNeg     . . .     Spirit   .   b - +0 leather armour
rPois    .         Reflect  .   (no helmet)
rElec    .         Harm     .   g - +0 cloak
rCorr    .         Rampage  .   f - +1 pair of gloves
MR       .....                  e - +0 pair of boots
Stlth    +.........             (no amulet)
HPRegen  0.00/turn              (no ring)
MPRegen  0.08/turn              (no ring)

@: non-regenerating
A: damage resistance, heal wounds, sense surroundings 1, no regeneration
a: Heal Wounds


You escaped.
You visited 1 branch of the dungeon, and saw 1 of its levels.

Inventory:

Hand Weapons
 a - a +0 short sword (weapon)
Missiles
 c - 6 javelins (quivered)
 d - 2 throwing nets
 h - 4 boomerangs
Armour
 b - a +0 leather armour (worn)
 e - a +0 pair of boots (worn)
 f - a +1 pair of gloves (worn)
 g - a +0 cloak (worn)
Scrolls
 k - a scroll of noise {unknown}
Potions
 i - a potion of curing {unknown}
 j - a potion of heal wounds {unknown}


   Skills:
 + Level 2.2 Fighting
 + Level 3.9 Throwing
 + Level 2.8 Dodging
 - Level 1.2 Stealth


You had one spell level left.
You didn't know any spells.
Your spell library was empty.

Dungeon Overview and Level Annotations

Branches:
Dungeon (1/15)

Altars:


Innate Abilities, Weirdness & Mutations

You are resistant to damage.
You can heal yourself by infusing magical energy.
You passively map a small area around you.
You do not regenerate.


Message History

You barely miss the bat.
The bat is moderately wounded.
The bat barely misses you.
The frilled lizard bites you but does no damage.
You hit the bat.
You kill the bat!
The frilled lizard barely misses you.
You hit the frilled lizard.
You kill the frilled lizard!
No target in view!
No target in view!
Save game and exit?
Welcome back, Mesmaeker13 the Deep Dwarf Hunter.
Press ? for a list of commands and other information.
You see here a +0 club.
Found a smoky grey potion.
Found a pair of gloves.
There is a staircase leading out of the dungeon here.
Are you sure you want to leave the Dungeon?
This will make you lose the game!
You have escaped!

#.............#
#.#####.#####.#
#.#;≈≈#.#≈≈≈#.#
#.#≈≈≈#.#≈≈≈#.#
#.#≈≈≈#.#≈≈≈#.#
#.#####.#####.#
#.............#
#.8.#######.8.#
#......@......#
###############


There were no monsters in sight!

Vanquished Creatures
  2 oozes (D:1)
  4 bats (D:1)
  A hobgoblin (D:1)
  A frilled lizard (D:1)
  2 goblins (D:1)
  6 rats (D:1)
16 creatures vanquished.

Notes
Turn   | Place    | Note
-------+----------+-------------------------------------------
     0 | D:1      | Mesmaeker13 the Deep Dwarf Hunter began the quest for the
                  | Orb.
     0 | D:1      | Reached XP level 1. HP: 19/19 MP: 1/1
     3 | D:1      | Noticed an electric eel
     3 | D:1      | Noticed an electric eel
    23 | D:1      | Reached XP level 2. HP: 26/26 MP: 2/2
   450 | D:$      | Got out of the dungeon alive.

Illustrated notes

Levels and vault maps discovered:
D:1:      arrival_aquarium_b, layout_basic

Skill      XL: |  1 |
---------------+----+-----
Fighting       | 2 |  2.2
Throwing       | |  3.9
Dodging        | |  2.8
Stealth        | |  1.2

Action                   || total
-------------------------++-------
Melee: Short sword       ||    43
Throw: Javelin           ||     3
Armor: Leather armour    ||    16
Dodge: Dodged            ||    29

Table legend: (Time is in decaauts)
 A = Elapsed time spent in this place.
 B = Non-inter-level travel time spent in this place.
 C = Inter-level travel time spent in this place.
 D = Time resting spent in this place.
 E = Time spent auto-exploring this place.
 F = Levels seen in this place.
 G = Mean time per level.
                   A        B        C        D        E       F      G
               +--------+--------+--------+--------+--------+-----+--------+
         Total |    455 |    346 |    109 |      0 |    209 |   1 |  455.0 |
       Dungeon |    455 |    346 |    109 |      0 |    209 |   1 |  455.0 |
               +--------+--------+--------+--------+--------+-----+--------+

Top non-repeatable levels by time:
     D:1: 455 daAuts
